 Dungeon Crawl Stone Soup version 0.29.1-2-gbd0b4ee654 (webtiles) character file.

Game seed: 6368292558120754441

48 DildoBatman the Conjurer (level 4, 0/32 HPs)
             Began as a Formicid Conjurer on Dec 1, 2022.
             Slain by a jackal (3 damage)
             ... on level 3 of the Dungeon.
             The game lasted 00:03:02 (1298 turns).

DildoBatman the Conjurer (Formicid Conjurer)        Turns: 1298, Time: 00:03:03

Health: 0/32       AC:  2    Str: 12    XL:     4   Next: 0%
Magic:  5/8        EV: 12    Int: 19    God:
Gold:   58         SH:  0    Dex: 12    Spells: 5/8 levels left

rFire   . . .      SeeInvis +   e - +3 whip
rCold   . . .      Faith    .   (no shield)
rNeg    . . .      Spirit   .   a - +0 robe
rPois   .          Reflect  .   (helmet unavailable)
rElec   .          Harm     .   (no cloak)
rCorr   .          Rampage  .   (no gloves)
Will    .....                   (no boots)
Stlth   ++........              (no amulet)
HPRegen 0.10/turn               (no ring)
MPRegen 0.11/turn               (no ring)

@: no status effects
A: permanent stasis, dig shafts and tunnels, antennae 3, four strong arms
a: Dig, Shaft Self


You were on level 3 of the Dungeon.
You visited 1 branch of the dungeon, and saw 3 of its levels.

You collected 58 gold pieces.

Inventory:

Hand Weapons
 e - a +3 whip (weapon)
 o - the +0 hammer of Certain Death {venom, rElec MP-9 Stlth+}
   (You found it on level 2 of the Dungeon)

   It poisons the flesh of those it strikes.
   rElec:     It insulates you from electricity.
   MP:        It affects your magic capacity (-9).
   Stlth:     It makes you more stealthy.
 p - a +0 sling
Missiles
 d - 10 stones
 m - 3 poisoned darts
Armour
 a - a +0 robe (worn)
Scrolls
 c - a scroll of vulnerability {unknown}
 g - 2 scrolls of magic mapping {unknown}
 i - a scroll of identify {unknown}
 j - a scroll of enchant weapon {unknown}
 l - a scroll of noise {unknown}
 n - a scroll of fear {unknown}
Potions
 b - a potion of magic
 f - a potion of attraction {unknown}
 h - 3 potions of curing {unknown}
 k - a potion of lignification {unknown}
 q - a potion of cancellation {unknown}
 r - a potion of flight {unknown}


   Skills:
 * Level 1.4 Fighting
 * Level 1.5 Armour
 - Level 2.0 Dodging
 - Level 2.4 Stealth
 * Level 2.7 Spellcasting
 * Level 3.9 Conjurations


You had 5 spell levels left.
You knew the following spells:

 Your Spells              Type           Power      Damage    Failure   Level
a - Searing Ray           Conj           34%        2d5       4%          2
c - Magic Dart            Conj           68%        1d6       3%          1

Your spell library contained the following spells:

 Spells                   Type           Power      Damage    Failure   Level
 Dazzling Flash           Conj/Hex       20%        N/A       22%         3
 Confusing Touch          Hex            2%         N/A       43%         3
 Fulminant Prism          Conj/Hex       5%         3d7       56%         4
 Iskenderun's Mystic Bla  Conj/Tloc      10%        2d4       56%         4
 Yara's Violent Unravell  Hex/Tmut       1%         3d3       99%         5
 Enfeeble                 Hex            1%         N/A       100%        7


Dungeon Overview and Level Annotations

Branches:
Dungeon (3/15)

Altars:

Annotations:
D:2 1 runed translucent door, 2 exclusions, Crazy Yiuf, Terence


Innate Abilities, Weirdness & Mutations

You cannot be hasted, slowed, berserked, paralysed or teleported.
You can dig through walls and to a lower floor.
You have a pair of large antennae on your head. (SInv)
Your four strong arms can wield two-handed weapons with a shield.


Message History

The jackal closely misses you. What are your orders? t - Shout!
Orders for allies: a - Attack new target. r - Retreat! s - Stop attacking. g - Guard the area. f - Follow me.
Anything else - Cancel.
You shout for attention!
The jackal bites you but does no damage. x2
The jackal bites you. The jackal barely misses you.
What are your orders? t - Shout!
Orders for allies: a - Attack new target. r - Retreat! s - Stop attacking. g - Guard the area. f - Follow me.
Anything else - Cancel.
You shout for attention!
The jackal closely misses you.
The jackal bites you but does no damage.
A kobold comes into view. It is wielding a +0 dagger.
What are your orders? t - Shout!
Orders for allies: a - Attack new target. r - Retreat! s - Stop attacking. g - Guard the area. f - Follow me.
Anything else - Cancel.
You shout for attention!
The jackal closely misses you. x2
The jackal bites you. The jackal closely misses you.
What are your orders? t - Shout!
Orders for allies: a - Attack new target. r - Retreat! s - Stop attacking. g - Guard the area. f - Follow me.
Anything else - Cancel.
You shout for attention!
The jackal bites you.
You die...

{ ## {{ ..)#
#...########.#
#.....h...K..
#.@h.#
####...# #.$.#
..# #


You could see 2 jackals and a kobold.

Vanquished Creatures
  2 worms (D:2)
  A dart slug (D:2)
  2 ball pythons (D:1)
  5 bats
  6 endoplasms
  2 giant cockroaches
  A goblin (D:2)
  2 hobgoblins (D:1)
  2 kobolds
  4 quokkas (D:1)
  4 frilled lizards
  5 rats
36 creatures vanquished.

Notes
Turn   | Place    | Note
-------+----------+-------------------------------------------
     0 | D:1      | DildoBatman the Formicid Conjurer began the quest for the
                  | Orb.
     0 | D:1      | Reached XP level 1. HP: 13/13 MP: 3/3
   141 | D:1      | Reached XP level 2. HP: 17/20 MP: 0/5
   144 | D:1      | Learned a level 2 spell: Searing Ray
   155 | D:1      | Found a faded altar of an unknown god.
   396 | D:1      | Reached skill level 1 in Fighting
   420 | D:1      | Reached skill level 1 in Armour
   420 | D:1      | Reached XP level 3. HP: 25/26 MP: 1/6
   951 | D:2      | Found a runed translucent door.
   952 | D:2      | Identified the +0 hammer of Certain Death {venom, rElec
                  | MP-9 Stlth+}
   952 | D:2      | Noticed Crazy Yiuf
   992 | D:2      | Noticed Terence
  1261 | D:2      | Reached XP level 4. HP: 25/32 MP: 1/8
  1298 | D:3      | Slain by a jackal

Illustrated notes

Levels and vault maps discovered:
D:1:      scummos_arrival_checkerplants, layout_loops_cross, serial_aquarium,
          aquarium_bridge_straight [aquarium_subvault_bridge,
          aquarium_subvault_wall, aquarium_subvault_bridge,
          aquarium_subvault_window], aquarium_bridge_square
          [aquarium_subvault_bridge, aquarium_subvault_bridge,
          aquarium_subvault_wall, aquarium_subvault_bridge], aquarium_window_1,
          aquarium_window_corridor_1, aquarium_window_2, aquarium_view_2b,
          aquarium_balcony_1b, hellmonk_ecumenical_altar_run_dry
D:2:      layout_basic, minmay_fractal_squares_gapless_5, uniq_terence,
          uniq_crazy_yiuf_cottage
D:3:      layout_rooms

Skill      XL: |  1  2 |
---------------+-------+-----
Dodging        | 2 |  2.0
Fighting       | 1 |  1.4
Armour         | 1 |  1.5
Stealth        | |  2.4
Spellcasting   | |  2.7
Conjurations   | |  3.9

Action                   |  1- 3 |  4- 6 || total
-------------------------+-------+-------++-------
Melee: Whip              |    36 |       ||    36
 Cast: Magic Dart        |    51 |       ||    51
       Searing Ray       |     2 |       ||     2
Armor: Robe              |     5 |     5 ||    10
Dodge: Dodged            |    26 |    17 ||    43
